AoeStats
← Silicio14Si

Arabia

507609962Analyzed
3v3 RM · 14d ago on Sep 19, 2026· 25m 52s· 6 players
Game mode
Random Map
Map size
Normal (6 player)
Population
200
Speed
Normal
Resources
Standard
Victory
Conquest
Starting age
Dark Age
Ending age
Imperial Age
RankedLock teamsTeams togetherTeam positionsShared explorationLock speedFull tech treeHidden civsTurbo modeCheats
Victory
Defeat
🇬🇧 Britons · United Kingdom
934
+15
🇺🇸 Byzantines · United States
914
+15
🇲🇽 Spanish · Mexico
899
+16
🇧🇷 Vietnamese · Brazil
954
-17
🇧🇷 Lithuanians · Brazil
923
-16
🇧🇷 Franks · Brazil
833
-13
Silicio14Si
5:41 Loom
13:32 Feudal Age
20:44 Wheelbarrow
20:30 Double-Bit Axe
20:30 Horse Collar
23:16 Castle Age
25:24 Padded Archer Armor
DWAYNEger Danger
5:14 Loom
11:35 Feudal Age
16:28 Castle Age
17:44 Double-Bit Axe
20:16 Wheelbarrow
21:17 Horse Collar
26:06 Heavy Plow
26:23 Bow Saw
Mystiic Zephire
12:02 Feudal Age
16:26 Castle Age
14:21 Horse Collar
14:37 Double-Bit Axe
18:25 Bow Saw
18:24 Heavy Plow
22:49 Pikeman
24:29 Stone Mining
24:31 Gold Mining
Arauto Carl Sagan
5:12 Loom
9:41 Feudal Age
10:26 Double-Bit Axe
21:54 Castle Age
19:42 Horse Collar
21:54 Wheelbarrow
21:41 Gold Mining
24:03 Bow Saw
23:58 Heavy Plow
25:33 Fletching
joselitopereirajr
11:17 Feudal Age
16:16 Castle Age
17:36 Horse Collar
18:34 Wheelbarrow
20:41 Scale Barding Armor
24:16 Chain Barding Armor
THIAGO
7:18 Loom
10:12 Feudal Age
16:14 Double-Bit Axe
21:29 Castle Age
20:24 Wheelbarrow
23:56 Bow Saw
Connection lost

Rejoining the realm…

Still unreachable

The connection could not be restored.

Session expired

The server has moved on; the page needs a fresh start.